Workbook
Name Excel_BuiltIn_Database: #REF!
Name Excel_BuiltIn_Database: #REF!
Name Excel_BuiltIn_Database: #REF!

Sheet Planilha Orçamentária
A2: PLANILHA ORÇAMENTÁRIA
G3: Tabela Base: | H3: CDHU Boletim 192 S/DES.
A5: OBRA: | B5: Troca de iluminação convencional por tecnologia LED nos Bairros Mirante dos OVNIs e Jardim Clarice | H5: LS | I5: 1.2823
A6: ENDEREÇO: | B6: Bairros Mirante dos OVNIs e Jardim Clarice - Votorantim/SP | H6: BDI | I6: 0.25
A8: ITEM | B8: FONTE | C8: CÓDIGO | D8: DESCRIÇÃO DOS SERVIÇOS | E8: UNID | F8: QUANT | G8: VALOR UNITÁRIO SEM BDI | H8: VALOR UNITÁRIO COM BDI | I8: PREÇO TOTAL
D10: =IF(C10<>0,INDEX(#REF!,MATCH(C10,#REF!,0),2),0) -> 0 | E10: =IF(C10<>0,INDEX(#REF!,MATCH(C10,#REF!,0),3),0) -> 0 | F10: =IF(C10<>0,INDEX(#REF!,MATCH(C10,#REF!,0),8),0) -> 0 | H10: =IF(C10<>0,INDEX(#REF!,MATCH(C10,#REF!,0),4),0) -> 0 | I10: =H10*F10 -> 0
A11: 1. | D11: SERVIÇOS PRELIMINARES | I11: =SUM(I12:I12) -> 10416.96
A12: 1.1 | B12: CDHU | C12: 02.08.020 | D12: =VLOOKUP($C12,Onerado!$A$9:$F$4126,2,0) -> Placa de identificação para obra | E12: =VLOOKUP($C12,Onerado!$A$9:$F$4126,3,0) -> M2 | F12: =4.5*2 -> 9 | G12: =VLOOKUP($C12,Onerado!$A$9:$F$4126,6,0) -> 925.95 | H12: =(G12*$I$6)+G12 -> 1157.44 | I12: =H12*F12 -> 10416.96
A13: 2. | D13: BAIRRO MIRANTE DOS OVNIs | E13: PONTOS | F13: =F14+F22+F30+F38+F46+F54+F62+F70+F78+F86+F94+F102+F110+F118+F126+F134+F142+F150+F158+F166+F174+F182+F190+F198 -> 269 | I13: =I14+I22+I30+I38+I46+I54+I62+I70+I78+I86+I94+I102+I110+I118+I126+I134+I142+I150+I158+I166+I174+I182+I190+I198 -> 575628.29
A14: 2.1 | D14: RUA ORLANDO SILVA | E14: PONTOS | F14: 16 | I14: =SUM(I15:I21) -> 34185.76
A15: 2.1.1 | B15: CDHU | C15: 04.17.040 | D15: =VLOOKUP($C15,Onerado!$A$9:$F$4126,2,0) -> Remoção de aparelho de iluminação ou projetor fixo em poste ou braço | E15: =VLOOKUP($C15,Onerado!$A$9:$F$4126,3,0) -> UN | F15: 16 | G15: =VLOOKUP($C15,Onerado!$A$9:$F$4126,6,0) -> 75.08 | H15: =(G15*$I$6)+G15 -> 93.85 | I15: =H15*F15 -> 1501.6
A16: 2.1.2 | B16: CDHU | C16: 04.18.390 | D16: =VLOOKUP($C16,Onerado!$A$9:$F$4126,2,0) -> Remoção de condutor embutido diâmetro externo até 6,5 mm | E16: =VLOOKUP($C16,Onerado!$A$9:$F$4126,3,0) -> M | F16: =F15*3 -> 48 | G16: =VLOOKUP($C16,Onerado!$A$9:$F$4126,6,0) -> 2.5 | H16: =(G16*$I$6)+G16 -> 3.13 | I16: =H16*F16 -> 150.24
A17: 2.1.3 | B17: CDHU | C17: 04.21.210 | D17: =VLOOKUP($C17,Onerado!$A$9:$F$4126,2,0) -> Remoção de reator para lâmpada fixo em poste | E17: =VLOOKUP($C17,Onerado!$A$9:$F$4126,3,0) -> UN | F17: =F15 -> 16 | G17: =VLOOKUP($C17,Onerado!$A$9:$F$4126,6,0) -> 100.1 | H17: =(G17*$I$6)+G17 -> 125.13 | I17: =H17*F17 -> 2002.08
A18: 2.1.4 | B18: CDHU | C18: 04.21.240 | D18: =VLOOKUP($C18,Onerado!$A$9:$F$4126,2,0) -> Remoção de relé | E18: =VLOOKUP($C18,Onerado!$A$9:$F$4126,3,0) -> UN | F18: =F15 -> 16 | G18: =VLOOKUP($C18,Onerado!$A$9:$F$4126,6,0) -> 23.75 | H18: =(G18*$I$6)+G18 -> 29.69 | I18: =H18*F18 -> 475.04
A19: 2.1.5 | B19: CDHU | C19: 39.21.231 | D19: =VLOOKUP($C19,Onerado!$A$9:$F$4126,2,0) -> Cabo de cobre flexível de 3 x 2,5 mm², isolamento 0,6/1 kV - isolação HEPR 90°C | E19: =VLOOKUP($C19,Onerado!$A$9:$F$4126,3,0) -> M | F19: =F20*3 -> 48 | G19: =VLOOKUP($C19,Onerado!$A$9:$F$4126,6,0) -> 8.99 | H19: =(G19*$I$6)+G19 -> 11.24 | I19: =H19*F19 -> 539.52
A20: 2.1.6 | B20: CDHU | C20: 41.11.703 | D20: =VLOOKUP($C20,Onerado!$A$9:$F$4126,2,0) -> Luminária LED retangular para poste, fluxo luminoso de 14160 a 17475 lm, eficiência mínima de 118 lm/W - potência de 80 W/120 W | E20: =VLOOKUP($C20,Onerado!$A$9:$F$4126,3,0) -> UN | F20: 16 | G20: =VLOOKUP($C20,Onerado!$A$9:$F$4126,6,0) -> 1388.52 | H20: =(G20*$I$6)+G20 -> 1735.65 | I20: =H20*F20 -> 27770.4
A21: 2.1.7 | B21: CDHU | C21: 40.11.010 | D21: =VLOOKUP($C21,Onerado!$A$9:$F$4126,2,0) -> Relé fotoelétrico 50/60 Hz, 110/220 V, 1200 VA, completo | E21: =VLOOKUP($C21,Onerado!$A$9:$F$4126,3,0) -> UN | F21: =F20 -> 16 | G21: =VLOOKUP($C21,Onerado!$A$9:$F$4126,6,0) -> 87.34 | H21: =(G21*$I$6)+G21 -> 109.18 | I21: =H21*F21 -> 1746.88
A22: 2.2 | D22: RUA MARIO TOZZI | E22: PONTOS | F22: 11 | I22: =SUM(I23:I29) -> 23502.71
A23: 2.2.1 | B23: CDHU | C23: 04.17.040 | D23: =VLOOKUP($C23,Onerado!$A$9:$F$4126,2,0) -> Remoção de aparelho de iluminação ou projetor fixo em poste ou braço | E23: =VLOOKUP($C23,Onerado!$A$9:$F$4126,3,0) -> UN | F23: 11 | G23: =VLOOKUP($C23,Onerado!$A$9:$F$4126,6,0) -> 75.08 | H23: =(G23*$I$6)+G23 -> 93.85 | I23: =H23*F23 -> 1032.35
A24: 2.2.2 | B24: CDHU | C24: 04.18.390 | D24: =VLOOKUP($C24,Onerado!$A$9:$F$4126,2,0) -> Remoção de condutor embutido diâmetro externo até 6,5 mm | E24: =VLOOKUP($C24,Onerado!$A$9:$F$4126,3,0) -> M | F24: =F23*3 -> 33 | G24: =VLOOKUP($C24,Onerado!$A$9:$F$4126,6,0) -> 2.5 | H24: =(G24*$I$6)+G24 -> 3.13 | I24: =H24*F24 -> 103.29
A25: 2.2.3 | B25: CDHU | C25: 04.21.210 | D25: =VLOOKUP($C25,Onerado!$A$9:$F$4126,2,0) -> Remoção de reator para lâmpada fixo em poste | E25: =VLOOKUP($C25,Onerado!$A$9:$F$4126,3,0) -> UN | F25: =F23 -> 11 | G25: =VLOOKUP($C25,Onerado!$A$9:$F$4126,6,0) -> 100.1 | H25: =(G25*$I$6)+G25 -> 125.13 | I25: =H25*F25 -> 1376.43
A26: 2.2.4 | B26: CDHU | C26: 04.21.240 | D26: =VLOOKUP($C26,Onerado!$A$9:$F$4126,2,0) -> Remoção de relé | E26: =VLOOKUP($C26,Onerado!$A$9:$F$4126,3,0) -> UN | F26: =F23 -> 11 | G26: =VLOOKUP($C26,Onerado!$A$9:$F$4126,6,0) -> 23.75 | H26: =(G26*$I$6)+G26 -> 29.69 | I26: =H26*F26 -> 326.59
A27: 2.2.5 | B27: CDHU | C27: 39.21.231 | D27: =VLOOKUP($C27,Onerado!$A$9:$F$4126,2,0) -> Cabo de cobre flexível de 3 x 2,5 mm², isolamento 0,6/1 kV - isolação HEPR 90°C | E27: =VLOOKUP($C27,Onerado!$A$9:$F$4126,3,0) -> M | F27: =F28*3 -> 33 | G27: =VLOOKUP($C27,Onerado!$A$9:$F$4126,6,0) -> 8.99 | H27: =(G27*$I$6)+G27 -> 11.24 | I27: =H27*F27 -> 370.92
A28: 2.2.6 | B28: CDHU | C28: 41.11.703 | D28: =VLOOKUP($C28,Onerado!$A$9:$F$4126,2,0) -> Luminária LED retangular para poste, fluxo luminoso de 14160 a 17475 lm, eficiência mínima de 118 lm/W - potência de 80 W/120 W | E28: =VLOOKUP($C28,Onerado!$A$9:$F$4126,3,0) -> UN | F28: 11 | G28: =VLOOKUP($C28,Onerado!$A$9:$F$4126,6,0) -> 1388.52 | H28: =(G28*$I$6)+G28 -> 1735.65 | I28: =H28*F28 -> 19092.15
A29: 2.2.7 | B29: CDHU | C29: 40.11.010 | D29: =VLOOKUP($C29,Onerado!$A$9:$F$4126,2,0) -> Relé fotoelétrico 50/60 Hz, 110/220 V, 1200 VA, completo | E29: =VLOOKUP($C29,Onerado!$A$9:$F$4126,3,0) -> UN | F29: =F28 -> 11 | G29: =VLOOKUP($C29,Onerado!$A$9:$F$4126,6,0) -> 87.34 | H29: =(G29*$I$6)+G29 -> 109.18 | I29: =H29*F29 -> 1200.98
A30: 2.3 | D30: RUA JOÃO CASSETARI | E30: PONTOS | F30: 8 | I30: =SUM(I31:I37) -> 17092.88
A31: 2.3.1 | B31: CDHU | C31: 04.17.040 | D31: =VLOOKUP($C31,Onerado!$A$9:$F$4126,2,0) -> Remoção de aparelho de iluminação ou projetor fixo em poste ou braço | E31: =VLOOKUP($C31,Onerado!$A$9:$F$4126,3,0) -> UN | F31: 8 | G31: =VLOOKUP($C31,Onerado!$A$9:$F$4126,6,0) -> 75.08 | H31: =(G31*$I$6)+G31 -> 93.85 | I31: =H31*F31 -> 750.8
A32: 2.3.2 | B32: CDHU | C32: 04.18.390 | D32: =VLOOKUP($C32,Onerado!$A$9:$F$4126,2,0) -> Remoção de condutor embutido diâmetro externo até 6,5 mm | E32: =VLOOKUP($C32,Onerado!$A$9:$F$4126,3,0) -> M | F32: =F31*3 -> 24 | G32: =VLOOKUP($C32,Onerado!$A$9:$F$4126,6,0) -> 2.5 | H32: =(G32*$I$6)+G32 -> 3.13 | I32: =H32*F32 -> 75.12
A33: 2.3.3 | B33: CDHU | C33: 04.21.210 | D33: =VLOOKUP($C33,Onerado!$A$9:$F$4126,2,0) -> Remoção de reator para lâmpada fixo em poste | E33: =VLOOKUP($C33,Onerado!$A$9:$F$4126,3,0) -> UN | F33: =F31 -> 8 | G33: =VLOOKUP($C33,Onerado!$A$9:$F$4126,6,0) -> 100.1 | H33: =(G33*$I$6)+G33 -> 125.13 | I33: =H33*F33 -> 1001.04
A34: 2.3.4 | B34: CDHU | C34: 04.21.240 | D34: =VLOOKUP($C34,Onerado!$A$9:$F$4126,2,0) -> Remoção de relé | E34: =VLOOKUP($C34,Onerado!$A$9:$F$4126,3,0) -> UN | F34: =F31 -> 8 | G34: =VLOOKUP($C34,Onerado!$A$9:$F$4126,6,0) -> 23.75 | H34: =(G34*$I$6)+G34 -> 29.69 | I34: =H34*F34 -> 237.52
A35: 2.3.5 | B35: CDHU | C35: 39.21.231 | D35: =VLOOKUP($C35,Onerado!$A$9:$F$4126,2,0) -> Cabo de cobre flexível de 3 x 2,5 mm², isolamento 0,6/1 kV - isolação HEPR 90°C | E35: =VLOOKUP($C35,Onerado!$A$9:$F$4126,3,0) -> M | F35: =F36*3 -> 24 | G35: =VLOOKUP($C35,Onerado!$A$9:$F$4126,6,0) -> 8.99 | H35: =(G35*$I$6)+G35 -> 11.24 | I35: =H35*F35 -> 269.76
A36: 2.3.6 | B36: CDHU | C36: 41.11.703 | D36: =VLOOKUP($C36,Onerado!$A$9:$F$4126,2,0) -> Luminária LED retangular para poste, fluxo luminoso de 14160 a 17475 lm, eficiência mínima de 118 lm/W - potência de 80 W/120 W | E36: =VLOOKUP($C36,Onerado!$A$9:$F$4126,3,0) -> UN | F36: 8 | G36: =VLOOKUP($C36,Onerado!$A$9:$F$4126,6,0) -> 1388.52 | H36: =(G36*$I$6)+G36 -> 1735.65 | I36: =H36*F36 -> 13885.2
A37: 2.3.7 | B37: CDHU | C37: 40.11.010 | D37: =VLOOKUP($C37,Onerado!$A$9:$F$4126,2,0) -> Relé fotoelétrico 50/60 Hz, 110/220 V, 1200 VA, completo | E37: =VLOOKUP($C37,Onerado!$A$9:$F$4126,3,0) -> UN | F37: =F36 -> 8 | G37: =VLOOKUP($C37,Onerado!$A$9:$F$4126,6,0) -> 87.34 | H37: =(G37*$I$6)+G37 -> 109.18 | I37: =H37*F37 -> 873.44
A38: 2.4 | D38: RUA OSWALDO MEZADRI | E38: PONTOS | F38: 12 | I38: =SUM(I39:I45) -> 25639.32
A39: 2.4.1 | B39: CDHU | C39: 04.17.040 | D39: =VLOOKUP($C39,Onerado!$A$9:$F$4126,2,0) -> Remoção de aparelho de iluminação ou projetor fixo em poste ou braço | E39: =VLOOKUP($C39,Onerado!$A$9:$F$4126,3,0) -> UN | F39: 12 | G39: =VLOOKUP($C39,Onerado!$A$9:$F$4126,6,0) -> 75.08 | H39: =(G39*$I$6)+G39 -> 93.85 | I39: =H39*F39 -> 1126.2
A40: 2.4.2 | B40: CDHU | C40: 04.18.390 | D40: =VLOOKUP($C40,Onerado!$A$9:$F$4126,2,0) -> Remoção de condutor embutido diâmetro externo até 6,5 mm | E40: =VLOOKUP($C40,Onerado!$A$9:$F$4126,3,0) -> M | F40: =F39*3 -> 36 | G40: =VLOOKUP($C40,Onerado!$A$9:$F$4126,6,0) -> 2.5 | H40: =(G40*$I$6)+G40 -> 3.13 | I40: =H40*F40 -> 112.68
A41: 2.4.3 | B41: CDHU | C41: 04.21.210 | D41: =VLOOKUP($C41,Onerado!$A$9:$F$4126,2,0) -> Remoção de reator para lâmpada fixo em poste | E41: =VLOOKUP($C41,Onerado!$A$9:$F$4126,3,0) -> UN | F41: =F39 -> 12 | G41: =VLOOKUP($C41,Onerado!$A$9:$F$4126,6,0) -> 100.1 | H41: =(G41*$I$6)+G41 -> 125.13 | I41: =H41*F41 -> 1501.56
A42: 2.4.4 | B42: CDHU | C42: 04.21.240 | D42: =VLOOKUP($C42,Onerado!$A$9:$F$4126,2,0) -> Remoção de relé | E42: =VLOOKUP($C42,Onerado!$A$9:$F$4126,3,0) -> UN | F42: =F39 -> 12 | G42: =VLOOKUP($C42,Onerado!$A$9:$F$4126,6,0) -> 23.75 | H42: =(G42*$I$6)+G42 -> 29.69 | I42: =H42*F42 -> 356.28
A43: 2.4.5 | B43: CDHU | C43: 39.21.231 | D43: =VLOOKUP($C43,Onerado!$A$9:$F$4126,2,0) -> Cabo de cobre flexível de 3 x 2,5 mm², isolamento 0,6/1 kV - isolação HEPR 90°C | E43: =VLOOKUP($C43,Onerado!$A$9:$F$4126,3,0) -> M | F43: =F44*3 -> 36 | G43: =VLOOKUP($C43,Onerado!$A$9:$F$4126,6,0) -> 8.99 | H43: =(G43*$I$6)+G43 -> 11.24 | I43: =H43*F43 -> 404.64
A44: 2.4.6 | B44: CDHU | C44: 41.11.703 | D44: =VLOOKUP($C44,Onerado!$A$9:$F$4126,2,0) -> Luminária LED retangular para poste, fluxo luminoso de 14160 a 17475 lm, eficiência mínima de 118 lm/W - potência de 80 W/120 W | E44: =VLOOKUP($C44,Onerado!$A$9:$F$4126,3,0) -> UN | F44: =F38 -> 12 | G44: =VLOOKUP($C44,Onerado!$A$9:$F$4126,6,0) -> 1388.52 | H44: =(G44*$I$6)+G44 -> 1735.65 | I44: =H44*F44 -> 20827.8
A45: 2.4.7 | B45: CDHU | C45: 40.11.010 | D45: =VLOOKUP($C45,Onerado!$A$9:$F$4126,2,0) -> Relé fotoelétrico 50/60 Hz, 110/220 V, 1200 VA, completo | E45: =VLOOKUP($C45,Onerado!$A$9:$F$4126,3,0) -> UN | F45: =F44 -> 12 | G45: =VLOOKUP($C45,Onerado!$A$9:$F$4126,6,0) -> 87.34 | H45: =(G45*$I$6)+G45 -> 109.18 | I45: =H45*F45 -> 1310.16
A46: 2.5 | D46: RUA ALTAMIRO FERREIRA DA SILVA | E46: PONTOS | F46: 9 | I46: =SUM(I47:I53) -> 19229.49
A47: 2.5.1 | B47: CDHU | C47: 04.17.040 | D47: =VLOOKUP($C47,Onerado!$A$9:$F$4126,2,0) -> Remoção de aparelho de iluminação ou projetor fixo em poste ou braço | E47: =VLOOKUP($C47,Onerado!$A$9:$F$4126,3,0) -> UN | F47: 9 | G47: =VLOOKUP($C47,Onerado!$A$9:$F$4126,6,0) -> 75.08 | H47: =(G47*$I$6)+G47 -> 93.85 | I47: =H47*F47 -> 844.65
A48: 2.5.2 | B48: CDHU | C48: 04.18.390 | D48: =VLOOKUP($C48,Onerado!$A$9:$F$4126,2,0) -> Remoção de condutor embutido diâmetro externo até 6,5 mm | E48: =VLOOKUP($C48,Onerado!$A$9:$F$4126,3,0) -> M | F48: =F47*3 -> 27 | G48: =VLOOKUP($C48,Onerado!$A$9:$F$4126,6,0) -> 2.5 | H48: =(G48*$I$6)+G48 -> 3.13 | I48: =H48*F48 -> 84.51
A49: 2.5.3 | B49: CDHU | C49: 04.21.210 | D49: =VLOOKUP($C49,Onerado!$A$9:$F$4126,2,0) -> Remoção de reator para lâmpada fixo em poste | E49: =VLOOKUP($C49,Onerado!$A$9:$F$4126,3,0) -> UN | F49: =F47 -> 9 | G49: =VLOOKUP($C49,Onerado!$A$9:$F$4126,6,0) -> 100.1 | H49: =(G49*$I$6)+G49 -> 125.13 | I49: =H49*F49 -> 1126.17
A50: 2.5.4 | B50: CDHU | C50: 04.21.240 | D50: =VLOOKUP($C50,Onerado!$A$9:$F$4126,2,0) -> Remoção de relé | E50: =VLOOKUP($C50,Onerado!$A$9:$F$4126,3,0) -> UN | F50: =F47 -> 9 | G50: =VLOOKUP($C50,Onerado!$A$9:$F$4126,6,0) -> 23.75 | H50: =(G50*$I$6)+G50 -> 29.69 | I50: =H50*F50 -> 267.21
A51: 2.5.5 | B51: CDHU | C51: 39.21.231 | D51: =VLOOKUP($C51,Onerado!$A$9:$F$4126,2,0) -> Cabo de cobre flexível de 3 x 2,5 mm², isolamento 0,6/1 kV - isolação HEPR 90°C | E51: =VLOOKUP($C51,Onerado!$A$9:$F$4126,3,0) -> M | F51: =F52*3 -> 27 | G51: =VLOOKUP($C51,Onerado!$A$9:$F$4126,6,0) -> 8.99 | H51: =(G51*$I$6)+G51 -> 11.24 | I51: =H51*F51 -> 303.48
A52: 2.5.6 | B52: CDHU | C52: 41.11.703 | D52: =VLOOKUP($C52,Onerado!$A$9:$F$4126,2,0) -> Luminária LED retangular para poste, fluxo luminoso de 14160 a 17475 lm, eficiência mínima de 118 lm/W - potência de 80 W/120 W | E52: =VLOOKUP($C52,Onerado!$A$9:$F$4126,3,0) -> UN | F52: =F46 -> 9 | G52: =VLOOKUP($C52,Onerado!$A$9:$F$4126,6,0) -> 1388.52 | H52: =(G52*$I$6)+G52 -> 1735.65 | I52: =H52*F52 -> 15620.85
A53: 2.5.7 | B53: CDHU | C53: 40.11.010 | D53: =VLOOKUP($C53,Onerado!$A$9:$F$4126,2,0) -> Relé fotoelétrico 50/60 Hz, 110/220 V, 1200 VA, completo | E53: =VLOOKUP($C53,Onerado!$A$9:$F$4126,3,0) -> UN | F53: =F52 -> 9 | G53: =VLOOKUP($C53,Onerado!$A$9:$F$4126,6,0) -> 87.34 | H53: =(G53*$I$6)+G53 -> 109.18 | I53: =H53*F53 -> 982.62
A54: 2.6 | D54: RUA ULISSES DE S. COELHO | E54: PONTOS | F54: 3 | I54: =SUM(I55:I61) -> 6409.83
A55: 2.5.1 | B55: CDHU | C55: 04.17.040 | D55: =VLOOKUP($C55,Onerado!$A$9:$F$4126,2,0) -> Remoção de aparelho de iluminação ou projetor fixo em poste ou braço | E55: =VLOOKUP($C55,Onerado!$A$9:$F$4126,3,0) -> UN | F55: 3 | G55: =VLOOKUP($C55,Onerado!$A$9:$F$4126,6,0) -> 75.08 | H55: =(G55*$I$6)+G55 -> 93.85 | I55: =H55*F55 -> 281.55
A56: 2.5.2 | B56: CDHU | C56: 04.18.390 | D56: =VLOOKUP($C56,Onerado!$A$9:$F$4126,2,0) -> Remoção de condutor embutido diâmetro externo até 6,5 mm | E56: =VLOOKUP($C56,Onerado!$A$9:$F$4126,3,0) -> M | F56: =F55*3 -> 9 | G56: =VLOOKUP($C56,Onerado!$A$9:$F$4126,6,0) -> 2.5 | H56: =(G56*$I$6)+G56 -> 3.13 | I56: =H56*F56 -> 28.17
A57: 2.5.3 | B57: CDHU | C57: 04.21.210 | D57: =VLOOKUP($C57,Onerado!$A$9:$F$4126,2,0) -> Remoção de reator para lâmpada fixo em poste | E57: =VLOOKUP($C57,Onerado!$A$9:$F$4126,3,0) -> UN | F57: =F55 -> 3 | G57: =VLOOKUP($C57,Onerado!$A$9:$F$4126,6,0) -> 100.1 | H57: =(G57*$I$6)+G57 -> 125.13 | I57: =H57*F57 -> 375.39
A58: 2.5.4 | B58: CDHU | C58: 04.21.240 | D58: =VLOOKUP($C58,Onerado!$A$9:$F$4126,2,0) -> Remoção de relé | E58: =VLOOKUP($C58,Onerado!$A$9:$F$4126,3,0) -> UN | F58: =F55 -> 3 | G58: =VLOOKUP($C58,Onerado!$A$9:$F$4126,6,0) -> 23.75 | H58: =(G58*$I$6)+G58 -> 29.69 | I58: =H58*F58 -> 89.07
A59: 2.5.5 | B59: CDHU | C59: 39.21.231 | D59: =VLOOKUP($C59,Onerado!$A$9:$F$4126,2,0) -> Cabo de cobre flexível de 3 x 2,5 mm², isolamento 0,6/1 kV - isolação HEPR 90°C | E59: =VLOOKUP($C59,Onerado!$A$9:$F$4126,3,0) -> M | F59: =F60*3 -> 9 | G59: =VLOOKUP($C59,Onerado!$A$9:$F$4126,6,0) -> 8.99 | H59: =(G59*$I$6)+G59 -> 11.24 | I59: =H59*F59 -> 101.16
A60: 2.5.6 | B60: CDHU | C60: 41.11.703 | D60: =VLOOKUP($C60,Onerado!$A$9:$F$4126,2,0) -> Luminária LED retangular para poste, fluxo luminoso de 14160 a 17475 lm, eficiência mínima de 118 lm/W - potência de 80 W/120 W | E60: =VLOOKUP($C60,Onerado!$A$9:$F$4126,3,0) -> UN | F60: =F54 -> 3 | G60: =VLOOKUP($C60,Onerado!$A$9:$F$4126,6,0) -> 1388.52 | H60: =(G60*$I$6)+G60 -> 1735.65 | I60: =H60*F60 -> 5206.95
A61: 2.5.7 | B61: CDHU | C61: 40.11.010 | D61: =VLOOKUP($C61,Onerado!$A$9:$F$4126,2,0) -> Relé fotoelétrico 50/60 Hz, 110/220 V, 1200 VA, completo | E61: =VLOOKUP($C61,Onerado!$A$9:$F$4126,3,0) -> UN | F61: =F60 -> 3 | G61: =VLOOKUP($C61,Onerado!$A$9:$F$4126,6,0) -> 87.34 | H61: =(G61*$I$6)+G61 -> 109.18 | I61: =H61*F61 -> 327.54
A62: 2.7 | D62: RUA JULIA MARTINS DOMINGUES | E62: PONTOS | F62: 76 | I62: =SUM(I63:I69) -> 167391.52
A63: 2.7.1 | B63: CDHU | C63: 04.17.040 | D63: =VLOOKUP($C63,Onerado!$A$9:$F$4126,2,0) -> Remoção de aparelho de iluminação ou projetor fixo em poste ou braço | E63: =VLOOKUP($C63,Onerado!$A$9:$F$4126,3,0) -> UN | F63: 76 | G63: =VLOOKUP($C63,Onerado!$A$9:$F$4126,6,0) -> 75.08 | H63: =(G63*$I$6)+G63 -> 93.85 | I63: =H63*F63 -> 7132.6
A64: 2.7.2 | B64: CDHU | C64: 04.18.390 | D64: =VLOOKUP($C64,Onerado!$A$9:$F$4126,2,0) -> Remoção de condutor embutido diâmetro externo até 6,5 mm | E64: =VLOOKUP($C64,Onerado!$A$9:$F$4126,3,0) -> M | F64: =F63*3 -> 228 | G64: =VLOOKUP($C64,Onerado!$A$9:$F$4126,6,0) -> 2.5 | H64: =(G64*$I$6)+G64 -> 3.13 | I64: =H64*F64 -> 713.64
A65: 2.7.3 | B65: CDHU | C65: 04.21.210 | D65: =VLOOKUP($C65,Onerado!$A$9:$F$4126,2,0) -> Remoção de reator para lâmpada fixo em poste | E65: =VLOOKUP($C65,Onerado!$A$9:$F$4126,3,0) -> UN | F65: =F63 -> 76 | G65: =VLOOKUP($C65,Onerado!$A$9:$F$4126,6,0) -> 100.1 | H65: =(G65*$I$6)+G65 -> 125.13 | I65: =H65*F65 -> 9509.88
A66: 2.7.4 | B66: CDHU | C66: 04.21.240 | D66: =VLOOKUP($C66,Onerado!$A$9:$F$4126,2,0) -> Remoção de relé | E66: =VLOOKUP($C66,Onerado!$A$9:$F$4126,3,0) -> UN | F66: =F63 -> 76 | G66: =VLOOKUP($C66,Onerado!$A$9:$F$4126,6,0) -> 23.75 | H66: =(G66*$I$6)+G66 -> 29.69 | I66: =H66*F66 -> 2256.44
A67: 2.7.5 | B67: CDHU | C67: 39.21.231 | D67: =VLOOKUP($C67,Onerado!$A$9:$F$4126,2,0) -> Cabo de cobre flexível de 3 x 2,5 mm², isolamento 0,6/1 kV - isolação HEPR 90°C | E67: =VLOOKUP($C67,Onerado!$A$9:$F$4126,3,0) -> M | F67: =F68*3 -> 228 | G67: =VLOOKUP($C67,Onerado!$A$9:$F$4126,6,0) -> 8.99 | H67: =(G67*$I$6)+G67 -> 11.24 | I67: =H67*F67 -> 2562.72
A68: 2.7.6 | B68: CDHU | C68: 41.11.707 | D68: =VLOOKUP($C68,Onerado!$A$9:$F$4126,2,0) -> Luminária LED retangular para poste, fluxo luminoso de 27624 lm, eficiência mínima 135 lm/W - potência de 204 W | E68: =VLOOKUP($C68,Onerado!$A$9:$F$4126,3,0) -> UN | F68: =F62 -> 76 | G68: =VLOOKUP($C68,Onerado!$A$9:$F$4126,6,0) -> 1441.25 | H68: =(G68*$I$6)+G68 -> 1801.56 | I68: =H68*F68 -> 136918.56
A69: 2.7.7 | B69: CDHU | C69: 40.11.010 | D69: =VLOOKUP($C69,Onerado!$A$9:$F$4126,2,0) -> Relé fotoelétrico 50/60 Hz, 110/220 V, 1200 VA, completo | E69: =VLOOKUP($C69,Onerado!$A$9:$F$4126,3,0) -> UN | F69: =F68 -> 76 | G69: =VLOOKUP($C69,Onerado!$A$9:$F$4126,6,0) -> 87.34 | H69: =(G69*$I$6)+G69 -> 109.18 | I69: =H69*F69 -> 8297.68
A70: 2.8 | D70: RUA ELOISA BISCAINO LOPES | E70: PONTOS | F70: 4 | I70: =SUM(I71:I77) -> 8546.44
A71: 2.8.1 | B71: CDHU | C71: 04.17.040 | D71: =VLOOKUP($C71,Onerado!$A$9:$F$4126,2,0) -> Remoção de aparelho de iluminação ou projetor fixo em poste ou braço | E71: =VLOOKUP($C71,Onerado!$A$9:$F$4126,3,0) -> UN | F71: 4 | G71: =VLOOKUP($C71,Onerado!$A$9:$F$4126,6,0) -> 75.08 | H71: =(G71*$I$6)+G71 -> 93.85 | I71: =H71*F71 -> 375.4
A72: 2.8.2 | B72: CDHU | C72: 04.18.390 | D72: =VLOOKUP($C72,Onerado!$A$9:$F$4126,2,0) -> Remoção de condutor embutido diâmetro externo até 6,5 mm | E72: =VLOOKUP($C72,Onerado!$A$9:$F$4126,3,0) -> M | F72: =F71*3 -> 12 | G72: =VLOOKUP($C72,Onerado!$A$9:$F$4126,6,0) -> 2.5 | H72: =(G72*$I$6)+G72 -> 3.13 | I72: =H72*F72 -> 37.56
A73: 2.8.3 | B73: CDHU | C73: 04.21.210 | D73: =VLOOKUP($C73,Onerado!$A$9:$F$4126,2,0) -> Remoção de reator para lâmpada fixo em poste | E73: =VLOOKUP($C73,Onerado!$A$9:$F$4126,3,0) -> UN | F73: =F71 -> 4 | G73: =VLOOKUP($C73,Onerado!$A$9:$F$4126,6,0) -> 100.1 | H73: =(G73*$I$6)+G73 -> 125.13 | I73: =H73*F73 -> 500.52
A74: 2.8.4 | B74: CDHU | C74: 04.21.240 | D74: =VLOOKUP($C74,Onerado!$A$9:$F$4126,2,0) -> Remoção de relé | E74: =VLOOKUP($C74,Onerado!$A$9:$F$4126,3,0) -> UN | F74: =F71 -> 4 | G74: =VLOOKUP($C74,Onerado!$A$9:$F$4126,6,0) -> 23.75 | H74: =(G74*$I$6)+G74 -> 29.69 | I74: =H74*F74 -> 118.76
A75: 2.8.5 | B75: CDHU | C75: 39.21.231 | D75: =VLOOKUP($C75,Onerado!$A$9:$F$4126,2,0) -> Cabo de cobre flexível de 3 x 2,5 mm², isolamento 0,6/1 kV - isolação HEPR 90°C | E75: =VLOOKUP($C75,Onerado!$A$9:$F$4126,3,0) -> M | F75: =F76*3 -> 12 | G75: =VLOOKUP($C75,Onerado!$A$9:$F$4126,6,0) -> 8.99 | H75: =(G75*$I$6)+G75 -> 11.24 | I75: =H75*F75 -> 134.88
A76: 2.8.6 | B76: CDHU | C76: 41.11.703 | D76: =VLOOKUP($C76,Onerado!$A$9:$F$4126,2,0) -> Luminária LED retangular para poste, fluxo luminoso de 14160 a 17475 lm, eficiência mínima de 118 lm/W - potência de 80 W/120 W | E76: =VLOOKUP($C76,Onerado!$A$9:$F$4126,3,0) -> UN | F76: =F70 -> 4 | G76: =VLOOKUP($C76,Onerado!$A$9:$F$4126,6,0) -> 1388.52 | H76: =(G76*$I$6)+G76 -> 1735.65 | I76: =H76*F76 -> 6942.6
A77: 2.8.7 | B77: CDHU | C77: 40.11.010 | D77: =VLOOKUP($C77,Onerado!$A$9:$F$4126,2,0) -> Relé fotoelétrico 50/60 Hz, 110/220 V, 1200 VA, completo | E77: =VLOOKUP($C77,Onerado!$A$9:$F$4126,3,0) -> UN | F77: =F76 -> 4 | G77: =VLOOKUP($C77,Onerado!$A$9:$F$4126,6,0) -> 87.34 | H77: =(G77*$I$6)+G77 -> 109.18 | I77: =H77*F77 -> 436.72
A78: 2.9 | D78: RUA HELENA BUSCARIOL DOS SANTOS | E78: PONTOS | F78: 15 | I78: =SUM(I79:I85) -> 32049.15
A79: 2.9.1 | B79: CDHU | C79: 04.17.040 | D79: =VLOOKUP($C79,Onerado!$A$9:$F$4126,2,0) -> Remoção de aparelho de iluminação ou projetor fixo em poste ou braço | E79: =VLOOKUP($C79,Onerado!$A$9:$F$4126,3,0) -> UN | F79: 15 | G79: =VLOOKUP($C79,Onerado!$A$9:$F$4126,6,0) -> 75.08 | H79: =(G79*$I$6)+G79 -> 93.85 | I79: =H79*F79 -> 1407.75
A80: 2.9.2 | B80: CDHU | C80: 04.18.390 | D80: =VLOOKUP($C80,Onerado!$A$9:$F$4126,2,0) -> Remoção de condutor embutido diâmetro externo até 6,5 mm | E80: =VLOOKUP($C80,Onerado!$A$9:$F$4126,3,0) -> M | F80: =F79*3 -> 45 | G80: =VLOOKUP($C80,Onerado!$A$9:$F$4126,6,0) -> 2.5 | H80: =(G80*$I$6)+G80 -> 3.13 | I80: =H80*F80 -> 140.85
A81: 2.9.3 | B81: CDHU | C81: 04.21.210 | D81: =VLOOKUP($C81,Onerado!$A$9:$F$4126,2,0) -> Remoção de reator para lâmpada fixo em poste | E81: =VLOOKUP($C81,Onerado!$A$9:$F$4126,3,0) -> UN | F81: =F79 -> 15 | G81: =VLOOKUP($C81,Onerado!$A$9:$F$4126,6,0) -> 100.1 | H81: =(G81*$I$6)+G81 -> 125.13 | I81: =H81*F81 -> 1876.95
A82: 2.9.4 | B82: CDHU | C82: 04.21.240 | D82: =VLOOKUP($C82,Onerado!$A$9:$F$4126,2,0) -> Remoção de relé | E82: =VLOOKUP($C82,Onerado!$A$9:$F$4126,3,0) -> UN | F82: =F79 -> 15 | G82: =VLOOKUP($C82,Onerado!$A$9:$F$4126,6,0) -> 23.75 | H82: =(G82*$I$6)+G82 -> 29.69 | I82: =H82*F82 -> 445.35
A83: 2.9.5 | B83: CDHU | C83: 39.21.231 | D83: =VLOOKUP($C83,Onerado!$A$9:$F$4126,2,0) -> Cabo de cobre flexível de 3 x 2,5 mm², isolamento 0,6/1 kV - isolação HEPR 90°C | E83: =VLOOKUP($C83,Onerado!$A$9:$F$4126,3,0) -> M | F83: =F84*3 -> 45 | G83: =VLOOKUP($C83,Onerado!$A$9:$F$4126,6,0) -> 8.99 | H83: =(G83*$I$6)+G83 -> 11.24 | I83: =H83*F83 -> 505.8
A84: 2.9.6 | B84: CDHU | C84: 41.11.703 | D84: =VLOOKUP($C84,Onerado!$A$9:$F$4126,2,0) -> Luminária LED retangular para poste, fluxo luminoso de 14160 a 17475 lm, eficiência mínima de 118 lm/W - potência de 80 W/120 W | E84: =VLOOKUP($C84,Onerado!$A$9:$F$4126,3,0) -> UN | F84: =F78 -> 15 | G84: =VLOOKUP($C84,Onerado!$A$9:$F$4126,6,0) -> 1388.52 | H84: =(G84*$I$6)+G84 -> 1735.65 | I84: =H84*F84 -> 26034.75
A85: 2.9.7 | B85: CDHU | C85: 40.11.010 | D85: =VLOOKUP($C85,Onerado!$A$9:$F$4126,2,0) -> Relé fotoelétrico 50/60 Hz, 110/220 V, 1200 VA, completo | E85: =VLOOKUP($C85,Onerado!$A$9:$F$4126,3,0) -> UN | F85: =F84 -> 15 | G85: =VLOOKUP($C85,Onerado!$A$9:$F$4126,6,0) -> 87.34 | H85: =(G85*$I$6)+G85 -> 109.18 | I85: =H85*F85 -> 1637.7
A86: 2.10 | D86: RUA ANTONIO MARINONI | E86: PONTOS | F86: 11 | I86: =SUM(I87:I93) -> 23502.71
A87: 2.10.1 | B87: CDHU | C87: 04.17.040 | D87: =VLOOKUP($C87,Onerado!$A$9:$F$4126,2,0) -> Remoção de aparelho de iluminação ou projetor fixo em poste ou braço | E87: =VLOOKUP($C87,Onerado!$A$9:$F$4126,3,0) -> UN | F87: 11 | G87: =VLOOKUP($C87,Onerado!$A$9:$F$4126,6,0) -> 75.08 | H87: =(G87*$I$6)+G87 -> 93.85 | I87: =H87*F87 -> 1032.35
A88: 2.10.2 | B88: CDHU | C88: 04.18.390 | D88: =VLOOKUP($C88,Onerado!$A$9:$F$4126,2,0) -> Remoção de condutor embutido diâmetro externo até 6,5 mm | E88: =VLOOKUP($C88,Onerado!$A$9:$F$4126,3,0) -> M | F88: =F87*3 -> 33 | G88: =VLOOKUP($C88,Onerado!$A$9:$F$4126,6,0) -> 2.5 | H88: =(G88*$I$6)+G88 -> 3.13 | I88: =H88*F88 -> 103.29
A89: 2.10.3 | B89: CDHU | C89: 04.21.210 | D89: =VLOOKUP($C89,Onerado!$A$9:$F$4126,2,0) -> Remoção de reator para lâmpada fixo em poste | E89: =VLOOKUP($C89,Onerado!$A$9:$F$4126,3,0) -> UN | F89: =F87 -> 11 | G89: =VLOOKUP($C89,Onerado!$A$9:$F$4126,6,0) -> 100.1 | H89: =(G89*$I$6)+G89 -> 125.13 | I89: =H89*F89 -> 1376.43
A90: 2.10.4 | B90: CDHU | C90: 04.21.240 | D90: =VLOOKUP($C90,Onerado!$A$9:$F$4126,2,0) -> Remoção de relé | E90: =VLOOKUP($C90,Onerado!$A$9:$F$4126,3,0) -> UN | F90: =F87 -> 11 | G90: =VLOOKUP($C90,Onerado!$A$9:$F$4126,6,0) -> 23.75 | H90: =(G90*$I$6)+G90 -> 29.69 | I90: =H90*F90 -> 326.59
A91: 2.10.5 | B91: CDHU | C91: 39.21.231 | D91: =VLOOKUP($C91,Onerado!$A$9:$F$4126,2,0) -> Cabo de cobre flexível de 3 x 2,5 mm², isolamento 0,6/1 kV - isolação HEPR 90°C | E91: =VLOOKUP($C91,Onerado!$A$9:$F$4126,3,0) -> M | F91: =F92*3 -> 33 | G91: =VLOOKUP($C91,Onerado!$A$9:$F$4126,6,0) -> 8.99 | H91: =(G91*$I$6)+G91 -> 11.24 | I91: =H91*F91 -> 370.92
A92: 2.10.6 | B92: CDHU | C92: 41.11.703 | D92: =VLOOKUP($C92,Onerado!$A$9:$F$4126,2,0) -> Luminária LED retangular para poste, fluxo luminoso de 14160 a 17475 lm, eficiência mínima de 118 lm/W - potência de 80 W/120 W | E92: =VLOOKUP($C92,Onerado!$A$9:$F$4126,3,0) -> UN | F92: =F86 -> 11 | G92: =VLOOKUP($C92,Onerado!$A$9:$F$4126,6,0) -> 1388.52 | H92: =(G92*$I$6)+G92 -> 1735.65 | I92: =H92*F92 -> 19092.15
A93: 2.10.7 | B93: CDHU | C93: 40.11.010 | D93: =VLOOKUP($C93,Onerado!$A$9:$F$4126,2,0) -> Relé fotoelétrico 50/60 Hz, 110/220 V, 1200 VA, completo | E93: =VLOOKUP($C93,Onerado!$A$9:$F$4126,3,0) -> UN | F93: =F92 -> 11 | G93: =VLOOKUP($C93,Onerado!$A$9:$F$4126,6,0) -> 87.34 | H93: =(G93*$I$6)+G93 -> 109.18 | I93: =H93*F93 -> 1200.98
A94: 2.11 | D94: RUA JOÃO SCARPANT | E94: PONTOS | F94: 4 | I94: =SUM(I95:I101) -> 8546.44
A95: 2.11.1 | B95: CDHU | C95: 04.17.040 | D95: =VLOOKUP($C95,Onerado!$A$9:$F$4126,2,0) -> Remoção de aparelho de iluminação ou projetor fixo em poste ou braço | E95: =VLOOKUP($C95,Onerado!$A$9:$F$4126,3,0) -> UN | F95: 4 | G95: =VLOOKUP($C95,Onerado!$A$9:$F$4126,6,0) -> 75.08 | H95: =(G95*$I$6)+G95 -> 93.85 | I95: =H95*F95 -> 375.4
A96: 2.11.2 | B96: CDHU | C96: 04.18.390 | D96: =VLOOKUP($C96,Onerado!$A$9:$F$4126,2,0) -> Remoção de condutor embutido diâmetro externo até 6,5 mm | E96: =VLOOKUP($C96,Onerado!$A$9:$F$4126,3,0) -> M | F96: =F95*3 -> 12 | G96: =VLOOKUP($C96,Onerado!$A$9:$F$4126,6,0) -> 2.5 | H96: =(G96*$I$6)+G96 -> 3.13 | I96: =H96*F96 -> 37.56
A97: 2.11.3 | B97: CDHU | C97: 04.21.210 | D97: =VLOOKUP($C97,Onerado!$A$9:$F$4126,2,0) -> Remoção de reator para lâmpada fixo em poste | E97: =VLOOKUP($C97,Onerado!$A$9:$F$4126,3,0) -> UN | F97: =F95 -> 4 | G97: =VLOOKUP($C97,Onerado!$A$9:$F$4126,6,0) -> 100.1 | H97: =(G97*$I$6)+G97 -> 125.13 | I97: =H97*F97 -> 500.52
A98: 2.11.4 | B98: CDHU | C98: 04.21.240 | D98: =VLOOKUP($C98,Onerado!$A$9:$F$4126,2,0) -> Remoção de relé | E98: =VLOOKUP($C98,Onerado!$A$9:$F$4126,3,0) -> UN | F98: =F95 -> 4 | G98: =VLOOKUP($C98,Onerado!$A$9:$F$4126,6,0) -> 23.75 | H98: =(G98*$I$6)+G98 -> 29.69 | I98: =H98*F98 -> 118.76
A99: 2.11.5 | B99: CDHU | C99: 39.21.231 | D99: =VLOOKUP($C99,Onerado!$A$9:$F$4126,2,0) -> Cabo de cobre flexível de 3 x 2,5 mm², isolamento 0,6/1 kV - isolação HEPR 90°C | E99: =VLOOKUP($C99,Onerado!$A$9:$F$4126,3,0) -> M | F99: =F100*3 -> 12 | G99: =VLOOKUP($C99,Onerado!$A$9:$F$4126,6,0) -> 8.99 | H99: =(G99*$I$6)+G99 -> 11.24 | I99: =H99*F99 -> 134.88
A100: 2.11.6 | B100: CDHU | C100: 41.11.703 | D100: =VLOOKUP($C100,Onerado!$A$9:$F$4126,2,0) -> Luminária LED retangular para poste, fluxo luminoso de 14160 a 17475 lm, eficiência mínima de 118 lm/W - potência de 80 W/120 W | E100: =VLOOKUP($C100,Onerado!$A$9:$F$4126,3,0) -> UN | F100: =F94 -> 4 | G100: =VLOOKUP($C100,Onerado!$A$9:$F$4126,6,0) -> 1388.52 | H100: =(G100*$I$6)+G100 -> 1735.65 | I100: =H100*F100 -> 6942.6
A101: 2.11.7 | B101: CDHU | C101: 40.11.010 | D101: =VLOOKUP($C101,Onerado!$A$9:$F$4126,2,0) -> Relé fotoelétrico 50/60 Hz, 110/220 V, 1200 VA, completo | E101: =VLOOKUP($C101,Onerado!$A$9:$F$4126,3,0) -> UN | F101: =F100 -> 4 | G101: =VLOOKUP($C101,Onerado!$A$9:$F$4126,6,0) -> 87.34 | H101: =(G101*$I$6)+G101 -> 109.18 | I101: =H101*F101 -> 436.72
A102: 2.12 | D102: RUA LUIZA EMILIO | E102: PONTOS | F102: 9 | I102: =SUM(I103:I109) -> 19229.49
A103: 2.12.1 | B103: CDHU | C103: 04.17.040 | D103: =VLOOKUP($C103,Onerado!$A$9:$F$4126,2,0) -> Remoção de aparelho de iluminação ou projetor fixo em poste ou braço | E103: =VLOOKUP($C103,Onerado!$A$9:$F$4126,3,0) -> UN | F103: 9 | G103: =VLOOKUP($C103,Onerado!$A$9:$F$4126,6,0) -> 75.08 | H103: =(G103*$I$6)+G103 -> 93.85 | I103: =H103*F103 -> 844.65
A104: 2.12.2 | B104: CDHU | C104: 04.18.390 | D104: =VLOOKUP($C104,Onerado!$A$9:$F$4126,2,0) -> Remoção de condutor embutido diâmetro externo até 6,5 mm | E104: =VLOOKUP($C104,Onerado!$A$9:$F$4126,3,0) -> M | F104: =F103*3 -> 27 | G104: =VLOOKUP($C104,Onerado!$A$9:$F$4126,6,0) -> 2.5 | H104: =(G104*$I$6)+G104 -> 3.13 | I104: =H104*F104 -> 84.51
...

Sheet Cronograma
A2: CRONOGRAMA FÍSICO FINANCEIRO
A3: ='[1]Planilha Orçamentária'!A5 -> OBRA: | B3: ='Planilha Orçamentária'!B5:G5 -> Troca de iluminação convencional por tecnologia LED nos Bairros Mirante dos OVNIs e Jardim Clarice
A4: Endereço: | B4: ='Planilha Orçamentária'!B6:G6 -> Bairros Mirante dos OVNIs e Jardim Clarice - Votorantim/SP
A6: ETAPA | C6: VALOR | D6: DIAS | H6: TOTAL
D7: 30 | E7: =D7+30 -> 60 | F7: =E7+30 -> 90 | G7: =F7+30 -> 120
A8: ='[1]Planilha Orçamentária'!A11 -> 1. | B8: ='Planilha Orçamentária'!D11 -> SERVIÇOS PRELIMINARES | C8: ='Planilha Orçamentária'!I11 -> 10416.96 | D8: =D9*$C8 -> 10416.96 | E8: =E9*$C8 -> 0 | F8: =F9*$C8 -> 0 | G8: =G9*$C8 -> 0 | H8: =SUM(D8:G8) -> 10416.96
D9: 1 | E9: 0 | F9: 0 | G9: 0 | H9: =SUM(D9:G9) -> 1
A10: 2. | B10: ='Planilha Orçamentária'!D13 -> BAIRRO MIRANTE DOS OVNIs | C10: ='Planilha Orçamentária'!I13 -> 575628.29 | D10: =D11*$C10 -> 172688.49 | E10: =E11*$C10 -> 172688.49 | F10: =F11*$C10 -> 115125.66 | G10: =G11*$C10 -> 115125.66 | H10: =SUM(D10:G10) -> 575628.3
D11: 0.3 | E11: 0.3 | F11: 0.2 | G11: 0.2 | H11: =SUM(D11:G11) -> 1
A12: 3. | B12: ='Planilha Orçamentária'!D206 -> BAIRRO JARDIM CLARICE | C12: ='Planilha Orçamentária'!I206 -> 911916.74 | D12: =D13*$C12 -> 455958.37 | E12: =E13*$C12 -> 91191.67 | F12: =F13*$C12 -> 91191.67 | G12: =G13*$C12 -> 273575.02 | H12: =SUM(D12:G12) -> 911916.73
D13: 0.5 | E13: 0.1 | F13: 0.1 | G13: 0.3 | H13: =SUM(D13:G13) -> 1
A14: VALOR TOTAL | C14: =SUM(C8:C13) -> 1497962 | D14: =D8+D10+D12 -> 639063.82 | E14: =E8+E10+E12 -> 263880.16 | F14: =F8+F10+F12 -> 206317.33 | G14: =G8+G10+G12 -> 388700.68 | H14: =SUM(D14:G14) -> 1497962
D15: =D14/$C$14 -> 0.4266 | E15: =E14/$C$14 -> 0.1762 | F15: =F14/$C$14 -> 0.1377 | G15: =G14/$C$14 -> 0.2595 | H15: =SUM(D15:G15) -> 1
D16: =D14 -> 639063.82 | E16: =D16+E14 -> 902943.98 | F16: =E16+F14 -> 1109261.3 | G16: =F16+G14 -> 1497962
D17: =D16/$C$14 -> 0.4266 | E17: =E16/$C$14 -> 0.6028 | F17: =F16/$C$14 -> 0.7405 | G17: =G16/$C$14 -> 1
B23: Saulo Guilherme Ernesto
B24: Eng. SOURB - CREA 5062489875

Sheet BDI
A3: QUADRO DE COMPOSIÇÃO DE BDI
A5: TIPO DE OBRA DO EMPREENDIMENTO:
A6: REFORMA E AMPLIAÇÃO
A8: OBJETO:
A9: =Cronograma!B3 -> Troca de iluminação convencional por tecnologia LED nos Bairros Mirante dos OVNIs e Jardim Clarice
A12: ITENS | B12: SIGLAS | C12: ADOTADO % | D12: 1º QUARTIL | E12: MÉDIO | F12: 3° QUARTIL
A13: ADMINISTRAÇÃO CENTRAL | B13: AC | C13: 0.03 | D13: 0.03 | E13: 0.04 | F13: 0.055
A14: SEGURO E GARANTIA | B14: SG | C14: 0.008 | D14: 0.008 | E14: 0.008 | F14: 0.01
A15: RISCO | B15: R | C15: 0.0097 | D15: 0.0097 | E15: 0.0127 | F15: 0.0127
A16: DESPESAS FINANCEIRAS | B16: DF | C16: 0.012 | D16: 0.0059 | E16: 0.0123 | F16: 0.0139
A17: LUCRO | B17: L | C17: 0.077 | D17: 0.0616 | E17: 0.074 | F17: 0.0896
A18: TRIBUTOS (IMPOSTOS COFINS 3%, E PIS 0,65%) | B18: CP | C18: 0.0365 | D18: 0.0365 | E18: 0.0365 | F18: 0.0365
A19: TRIBUTOS (ISS, VARIÁVEL DE ACORDO COM O MUNICÍPIO) | B19: ISS | C19: 0.05 | D19: 0 | E19: 0.025 | F19: 0.05
A20: TRIBUTOS (CONTRIBUIÇÃO PREVIDENCIÁRIA SOBRE A RECEITA BRUTA - 0% OU 4,5 % - DESONERAÇÃO) | B20: CPRB | C20: 0 | D20: 0 | E20: 0.045 | F20: 0.045
A21: BDI SEM DESONERAÇÃO (FÓRMULA ACÓRDÃO TCU) | B21: BDI PAD | C21: =(((1+C13+C14+C15)*(1+C16)*(1+C17))/(1-C18-C19))-1 -> 0.25
A24: Os valores de BDI foram calculado com o emprego da fórmula:
A25: BDI PAD = | B25: (1+AC+S+R+G)*(1+DF)*(1+L) | D25: -1
B26: (1-CP-ISS)
A28: Declaro para os devidos fins que, conforme legislação tributária municipal, a base de cálculo para Construção e Reforma de Edifícios, é de 100%, com a respectiva alíquota de 5%.
A30: Declaro para os devidos fins que o regime de Contribuição Previdenciária sobre a Receita Bruta adotado para ebaboração do orçamento foi SEM Desoneração, e que esta é a alternativa mais adequada para a Administração Pública.
A33: Votorantim, 15 de Março de 2.024
C36: Eng. Saulo Guilherme Ernesto

Sheet Onerado
B1: COMPANHIA DE DESENVOLVIMENTO HABITACIONAL E URBANO
A2: DO ESTADO DE SÃO PAULO
A3: BOLETIM REFERENCIAL DE CUSTOS - TABELA DE SERVIÇOS
A4: SEM DESONERAÇÃO
F5: Versão 192
E6: Data Base: | F6: Nov/23
C7: BDI : | D7: 0 | E7: L.S.: | F7: 1.2823
A8: Referência | B8: Descrição | C8: Un | D8: Material | E8: Mão de Obra | F8: Custo Total
A9: 01 | B9: SERVICO TECNICO ESPECIALIZADO | G9: =LEN(A9) -> 2
A10: 01.02 | B10: Parecer técnico | G10: =LEN(A10) -> 5
A11: 01.02.071 | B11: Parecer técnico de fundações, contenções e recomendações gerais, para empreendimentos com área construída até 1.000 m² | C11: UN | E11: 6504.46 | F11: 6504.46 | G11: =LEN(A11) -> 9
A12: 01.02.081 | B12: Parecer técnico de fundações, contenções e recomendações gerais, para empreendimentos com área construída de 1.001 a 2.000 m² | C12: UN | E12: 8649.66 | F12: 8649.66 | G12: =LEN(A12) -> 9
A13: 01.02.091 | B13: Parecer técnico de fundações, contenções e recomendações gerais, para empreendimentos com área construída de 2.001 a 5.000 m² | C13: UN | E13: 14775.55 | F13: 14775.55 | G13: =LEN(A13) -> 9
A14: 01.02.101 | B14: Parecer técnico de fundações, contenções e recomendações gerais, para empreendimentos com área construída de 5.001 a 10.000 m² | C14: UN | E14: 20259.02 | F14: 20259.02 | G14: =LEN(A14) -> 9
A15: 01.02.111 | B15: Parecer técnico de fundações, contenções e recomendações gerais, para empreendimentos com área construída acima de 10.000 m² | C15: UN | E15: 23608.75 | F15: 23608.75 | G15: =LEN(A15) -> 9
A16: 01.06 | B16: Projeto de instalações elétricas | G16: =LEN(A16) -> 5
A17: 01.06.021 | B17: Elaboração de projeto de adequação de entrada de energia elétrica junto a concessionária, com medição em baixa tensão e demanda até 75 kVA | C17: UN | E17: 8308.24 | F17: 8308.24 | G17: =LEN(A17) -> 9
A18: 01.06.031 | B18: Elaboração de projeto de adequação de entrada de energia elétrica junto a concessionária, com medição em média tensão, subestação simplificada e demanda de 75 kVA a 300 kVA | C18: UN | E18: 14072.5 | F18: 14072.5 | G18: =LEN(A18) -> 9
A19: 01.06.032 | B19: Elaboração de projeto de adequação de entrada de energia elétrica junto a concessionária, com medição em média tensão e demanda de 75 kVA a 300 kVA | C19: UN | E19: 19042.76 | F19: 19042.76 | G19: =LEN(A19) -> 9
A20: 01.06.041 | B20: Elaboração de projeto de adequação de entrada de energia elétrica junto a concessionária, com medição em média tensão e demanda acima de 300 kVA a 2 MVA | C20: UN | E20: 25329.1 | F20: 25329.1 | G20: =LEN(A20) -> 9
A21: 01.17 | B21: Projeto executivo | G21: =LEN(A21) -> 5
A22: 01.17.031 | B22: Projeto executivo de arquitetura em formato A1 | C22: UN | E22: 3272.73 | F22: 3272.73 | G22: =LEN(A22) -> 9
A23: 01.17.041 | B23: Projeto executivo de arquitetura em formato A0 | C23: UN | E23: 4424.38 | F23: 4424.38 | G23: =LEN(A23) -> 9
A24: 01.17.051 | B24: Projeto executivo de estrutura em formato A1 | C24: UN | E24: 2400.17 | F24: 2400.17 | G24: =LEN(A24) -> 9
A25: 01.17.061 | B25: Projeto executivo de estrutura em formato A0 | C25: UN | E25: 3283.86 | F25: 3283.86 | G25: =LEN(A25) -> 9
A26: 01.17.071 | B26: Projeto executivo de instalações hidráulicas em formato A1 | C26: UN | E26: 1030.39 | F26: 1030.39 | G26: =LEN(A26) -> 9
A27: 01.17.081 | B27: Projeto executivo de instalações hidráulicas em formato A0 | C27: UN | E27: 1371.58 | F27: 1371.58 | G27: =LEN(A27) -> 9
A28: 01.17.111 | B28: Projeto executivo de instalações elétricas em formato A1 | C28: UN | E28: 1144.21 | F28: 1144.21 | G28: =LEN(A28) -> 9
A29: 01.17.121 | B29: Projeto executivo de instalações elétricas em formato A0 | C29: UN | E29: 1586.51 | F29: 1586.51 | G29: =LEN(A29) -> 9
A30: 01.17.151 | B30: Projeto executivo de climatização em formato A1 | C30: UN | E30: 2202.38 | F30: 2202.38 | G30: =LEN(A30) -> 9
A31: 01.17.161 | B31: Projeto executivo de climatização em formato A0 | C31: UN | E31: 3002.07 | F31: 3002.07 | G31: =LEN(A31) -> 9
A32: 01.17.171 | B32: Projeto executivo de chuveiros automáticos em formato A1 | C32: UN | E32: 1901.28 | F32: 1901.28 | G32: =LEN(A32) -> 9
A33: 01.17.181 | B33: Projeto executivo de chuveiros automáticos em formato A0 | C33: UN | E33: 2457.47 | F33: 2457.47 | G33: =LEN(A33) -> 9
A34: 01.20 | B34: Levantamento topográfico e geofísico | G34: =LEN(A34) -> 5
A35: 01.20.010 | B35: Taxa de mobilização e desmobilização de equipamentos para execução de levantamento topográfico | C35: TX | D35: 1183.91 | F35: 1183.91 | G35: =LEN(A35) -> 9
A36: 01.20.280 | B36: Levantamento planimétrico de área pavimentada para veículo e pedestre | C36: M2 | D36: 0.04 | E36: 0.16 | F36: 0.2 | G36: =LEN(A36) -> 9
A37: 01.20.691 | B37: Levantamento planimétrico cadastral com áreas ocupadas predominantemente por comunidades - área até 20.000 m² (mínimo de 3.500 m²) | C37: M2 | D37: 0.4 | E37: 0.53 | F37: 0.93 | G37: =LEN(A37) -> 9
A38: 01.20.701 | B38: Levantamento planimétrico cadastral com áreas ocupadas predominantemente por comunidades - área acima de 20.000 m² até 200.000 m² | C38: M2 | D38: 0.31 | E38: 0.42 | F38: 0.73 | G38: =LEN(A38) -> 9
A39: 01.20.711 | B39: Levantamento planimétrico cadastral com áreas ocupadas predominantemente por comunidades - área acima de 200.000 m² | C39: M2 | D39: 0.25 | E39: 0.35 | F39: 0.6 | G39: =LEN(A39) -> 9
A40: 01.20.721 | B40: Levantamento planimétrico cadastral com áreas até 50% de ocupação - área até 20.000 m² (mínimo de 3.500 m²) | C40: M2 | D40: 0.34 | E40: 0.46 | F40: 0.8 | G40: =LEN(A40) -> 9
A41: 01.20.731 | B41: Levantamento planimétrico cadastral com áreas até 50% de ocupação - área acima de 20.000 m² até 200.000 m² | C41: M2 | D41: 0.16 | E41: 0.51 | F41: 0.67 | G41: =LEN(A41) -> 9
A42: 01.20.741 | B42: Levantamento planimétrico cadastral com áreas até 50% de ocupação - área acima de 200.000 m² | C42: M2 | D42: 0.22 | E42: 0.29 | F42: 0.51 | G42: =LEN(A42) -> 9
A43: 01.20.751 | B43: Levantamento planimétrico cadastral com áreas acima de 50% de ocupação - área até 20.000 m² (mínimo de 4.000 m²) | C43: M2 | D43: 0.3 | E43: 0.42 | F43: 0.72 | G43: =LEN(A43) -> 9
A44: 01.20.761 | B44: Levantamento planimétrico cadastral com áreas acima de 50% de ocupação - área acima de 20.000 m² até 200.000 m² | C44: M2 | D44: 0.26 | E44: 0.35 | F44: 0.61 | G44: =LEN(A44) -> 9
A45: 01.20.771 | B45: Levantamento planimétrico cadastral com áreas acima de 50% de ocupação - área acima de 200.000 m² | C45: M2 | D45: 0.25 | E45: 0.35 | F45: 0.6 | G45: =LEN(A45) -> 9
A46: 01.20.781 | B46: Levantamento planialtimétrico cadastral com áreas ocupadas predominantemente por comunidades - área até 20.000 m² (mínimo de 3.500 m²) | C46: M2 | D46: 0.43 | E46: 0.56 | F46: 0.99 | G46: =LEN(A46) -> 9
A47: 01.20.791 | B47: Levantamento planialtimétrico cadastral com áreas ocupadas predominantemente por comunidades - área acima de 20.000 m² até 200.000 m² | C47: M2 | D47: 0.34 | E47: 0.45 | F47: 0.79 | G47: =LEN(A47) -> 9
... A60: 01.20.921 | B60: Implantação de marcos através de levantamento com GPS (mínimo de 3 marcos) | C60: UN | D60: 733.8 | E60: 463.21 | F60: 1197.01 | G60: =LEN(A60) -> 9
A61: 01.21 | B61: Estudo geotecnico (sondagem) | G61: =LEN(A61) -> 5
A62: 01.21.010 | B62: Taxa de mobilização e desmobilização de equipamentos para execução de sondagem | C62: TX | D62: 1238.33 | F62: 1238.33 | G62: =LEN(A62) -> 9
A63: 01.21.090 | B63: Taxa de mobilização e desmobilização de equipamentos para execução de sondagem rotativa | C63: TX | D63: 6455.09 | F63: 6455.09 | G63: =LEN(A63) -> 9
A64: 01.21.100 | B64: Sondagem do terreno a trado | C64: M | D64: 92.89 | F64: 92.89 | G64: =LEN(A64) -> 9
A65: 01.21.110 | B65: Sondagem do terreno à percussão (mínimo de 30 m) | C65: M | D65: 87.39 | F65: 87.39 | G65: =LEN(A65) -> 9
A66: 01.21.120 | B66: Sondagem do terreno rotativa em solo | C66: M | D66: 375.11 | F66: 375.11 | G66: =LEN(A66) -> 9
A67: 01.21.130 | B67: Sondagem do terreno rotativa em rocha | C67: M | D67: 609.46 | F67: 609.46 | G67: =LEN(A67) -> 9
A68: 01.21.140 | B68: Sondagem do terreno à percussão com a utilização de torquímetro (mínimo de 30 m) | C68: M | D68: 92.05 | F68: 92.05 | G68: =LEN(A68) -> 9
A69: 01.23 | B69: Tratamento, recuperação e trabalhos especiais em concreto | G69: =LEN(A69) -> 5
A70: 01.23.010 | B70: Taxa de mobilização e desmobilização de equipamentos para execução de corte em concreto armado | C70: TX | D70: 334.37 | F70: 334.37 | G70: =LEN(A70) -> 9
A71: 01.23.020 | B71: Limpeza de armadura com escova de aço | C71: M2 | D71: 2.58 | E71: 6.11 | F71: 8.69 | G71: =LEN(A71) -> 9
A72: 01.23.030 | B72: Preparo de ponte de aderência com adesivo a base de epóxi | C72: M2 | D72: 113.35 | E72: 45.15 | F72: 158.5 | G72: =LEN(A72) -> 9
A73: 01.23.056 | B73: Tratamento de armadura com produto anticorrosivo a base de zinco | C73: M2 | D73: 25.33 | E73: 43.04 | F73: 68.37 | G73: =LEN(A73) -> 9
A74: 01.23.060 | B74: Corte de concreto deteriorado inclusive remoção dos detritos | C74: M2 | E74: 30.54 | F74: 30.54 | G74: =LEN(A74) -> 9
A75: 01.23.070 | B75: Demarcação de área com disco de corte diamantado | C75: M | D75: 1.05 | E75: 4.52 | F75: 5.57 | G75: =LEN(A75) -> 9
A76: 01.23.100 | B76: Demolição de concreto armado com preservação de armadura, para reforço e recuperação estrutural | C76: M3 | E76: 460.95 | F76: 460.95 | G76: =LEN(A76) -> 9
A77: 01.23.140 | B77: Furação de 1 1/4´ em concreto armado | C77: M | D77: 207.07 | F77: 207.07 | G77: =LEN(A77) -> 9
A78: 01.23.150 | B78: Furação de 1 1/2´ em concreto armado | C78: M | D78: 247.2 | F78: 247.2 | G78: =LEN(A78) -> 9
A79: 01.23.160 | B79: Furação de 2 1/4´ em concreto armado | C79: M | D79: 323.24 | F79: 323.24 | G79: =LEN(A79) -> 9
A80: 01.23.190 | B80: Furação de 2 1/2´ em concreto armado | C80: M | D80: 330.76 | F80: 330.76 | G80: =LEN(A80) -> 9
A81: 01.23.200 | B81: Taxa de mobilização e desmobilização de equipamentos para execução de perfuração em concreto | C81: TX | D81: 249.02 | F81: 249.02 | G81: =LEN(A81) -> 9
A82: 01.23.221 | B82: Furação para até 10mm x 100mm em concreto armado, inclusive colagem de armadura (para até 8mm) | C82: UN | D82: 13.11 | F82: 13.11 | G82: =LEN(A82) -> 9
A83: 01.23.222 | B83: Furação para 12,5mm x 100mm em concreto armado, inclusive colagem de armadura (para 10mm) | C83: UN | D83: 14.12 | F83: 14.12 | G83: =LEN(A83) -> 9
A84: 01.23.223 | B84: Furação para 16mm x 100mm em concreto armado, inclusive colagem de armadura (para 12,5mm) | C84: UN | D84: 16.08 | F84: 16.08 | G84: =LEN(A84) -> 9
A85: 01.23.231 | B85: Furação para até 10mm x 150mm em concreto armado, inclusive colagem de armadura (para até 8mm) | C85: UN | D85: 19.67 | F85: 19.67 | G85: =LEN(A85) -> 9
A86: 01.23.232 | B86: Furação para 12,5mm x 150mm em concreto armado, inclusive colagem de armadura (para 10mm) | C86: UN | D86: 20.81 | F86: 20.81 | G86: =LEN(A86) -> 9
A87: 01.23.233 | B87: Furação para 16mm x 150mm em concreto armado, inclusive colagem de armadura (para 12,5mm) | C87: UN | D87: 23.72 | F87: 23.72 | G87: =LEN(A87) -> 9
A88: 01.23.234 | B88: Furação para 20mm x 150mm em concreto armado, inclusive colagem de armadura (para 16mm) | C88: UN | D88: 25.35 | F88: 25.35 | G88: =LEN(A88) -> 9
... A99: 01.23.510 | B99: Corte vertical em concreto armado, espessura de 15 cm | C99: M | D99: 196.59 | F99: 196.59 | G99: =LEN(A99) -> 9
A100: 01.23.700 | B100: Taxa de mobilização e desmobilização para reforço estrutural com fibra de carbono | C100: TX | D100: 1396.32 | E100: 4150.84 | F100: 5547.16 | G100: =LEN(A100) -> 9
A101: 01.23.701 | B101: Preparação de substrato para colagem de fibra de carbono, mediante lixamento e/ou apicoamento e escovação | C101: M2 | D101: 6.67 | E101: 44.13 | F101: 50.8 | G101: =LEN(A101) -> 9
A102: 01.23.702 | B102: Fibra de carbono para reforço estrutural de alta resistência - 300 g/m² | C102: M2 | D102: 283.03 | E102: 314.82 | F102: 597.85 | G102: =LEN(A102) -> 9
A103: 01.27 | B103: Estudo e programa ambientais | G103: =LEN(A103) -> 5
A104: 01.27.011 | B104: Projeto e implementação de gerenciamento integrado de resíduos sólidos e gestão de perdas | C104: UN | D104: 214.65 | E104: 9220.65 | F104: 9435.3 | G104: =LEN(A104) -> 9
A105: 01.27.021 | B105: Projeto e implementação de educação ambiental | C105: UN | D105: 214.65 | E105: 12351.08 | F105: 12565.73 | G105: =LEN(A105) -> 9
A106: 01.27.031 | B106: Projeto e implementação de controle ambiental de obra | C106: UN | D106: 214.65 | E106: 10928.7 | F106: 11143.35 | G106: =LEN(A106) -> 9
A107: 01.27.041 | B107: Laudo de caracterização de vegetação | C107: UN | D107: 620.65 | E107: 25450.43 | F107: 26071.08 | G107: =LEN(A107) -> 9
A108: 01.27.051 | B108: Laudo de caracterização da fauna associada à flora | C108: UN | D108: 620.65 | E108: 39053.14 | F108: 39673.79 | G108: =LEN(A108) -> 9
A109: 01.27.061 | B109: Projeto e implementação de monitoramento da fauna durante a obra | C109: UN | D109: 620.65 | E109: 15481.62 | F109: 16102.27 | G109: =LEN(A109) -> 9
A110: 01.27.071 | B110: Laudo de autodepuração | C110: UN | D110: 504.65 | E110: 18581.52 | F110: 19086.17 | G110: =LEN(A110) -> 9
A111: 01.27.091 | B111: Estudo de impacto de vizinhança, em área urbana até 10.000 m² | C111: UN | D111: 307.45 | E111: 30096.51 | F111: 30403.96 | G111: =LEN(A111) -> 9
A112: 01.28 | B112: Poço profundo | G112: =LEN(A112) -> 5
A113: 01.28.010 | B113: Taxa de mobilização e desmobilização de equipamentos para execução de perfuração para poço profundo - profundidade até 200 m | C113: TX | D113: 8439.11 | F113: 8439.11 | G113: =LEN(A113) -> 9
A114: 01.28.020 | B114: Taxa de mobilização e desmobilização de equipamentos para execução de perfuração para poço profundo - profundidade acima de 200 m e até 300 m | C114: TX | D114: 12630 | F114: 12630 | G114: =LEN(A114) -> 9
A115: 01.28.030 | B115: Taxa de mobilização e desmobilização de equipamentos para execução de perfuração para poço profundo - profundidade acima de 300 m | C115: TX | D115: 13000.31 | F115: 13000.31 | G115: =LEN(A115) -> 9
A116: 01.28.040 | B116: Perfuração rotativa para poço profundo em camadas de solos sedimentares, diâmetro de 8 1/2" (215,90 mm) | C116: M | D116: 583.8 | F116: 583.8 | G116: =LEN(A116) -> 9
A117: 01.28.050 | B117: Perfuração rotativa para poço profundo em aluvião, arenito, ou solos sedimentados em geral, diâmetro de 10" (250 mm) | C117: M | D117: 480.68 | F117: 480.68 | G117: =LEN(A117) -> 9
A118: 01.28.060 | B118: Perfuração rotativa para poço profundo em aluvião, arenito, ou solos sedimentados em geral, diâmetro de 12" (300 mm) | C118: M | D118: 1172.03 | F118: 1172.03 | G118: =LEN(A118) -> 9
A119: 01.28.070 | B119: Perfuração rotativa para poço profundo em aluvião, arenito, ou solos sedimentados em geral, diâmetro de 14" (350 mm) | C119: M | D119: 1240.33 | F119: 1240.33 | G119: =LEN(A119) -> 9
A120: 01.28.080 | B120: Perfuração rotativa para poço profundo em aluvião, arenito, ou solos sedimentados em geral, diâmetro de 16" (400 mm) | C120: M | D120: 1543.56 | F120: 1543.56 | G120: =LEN(A120) -> 9
A121: 01.28.090 | B121: Perfuração rotativa para poço profundo em aluvião, arenito, ou solos sedimentados em geral, diâmetro de 18" (450 mm) | C121: M | D121: 1959.12 | F121: 1959.12 | G121: =LEN(A121) -> 9
A122: 01.28.100 | B122: Perfuração rotativa para poço profundo em aluvião, arenito, ou solos sedimentados em geral, diâmetro de 20" (500 mm) | C122: M | D122: 2208.74 | F122: 2208.74 | G122: =LEN(A122) -> 9
...
